 Dungeon Crawl Stone Soup version 0.30-b1-2-g02819fbbbe (webtiles) character file.

Game seed: 15771015040998080145

30 snakesoul the Digger (level 3, -2/19 HPs)
             Began as a Gargoyle Earth Elementalist on May 29, 2023.
             Slain by Terence
             ... wielding a +0 falchion
              (9 damage)
             ... on level 2 of the Dungeon.
             The game lasted 00:02:14 (1411 turns).

snakesoul the Digger (Gargoyle Earth Elementalist)  Turns: 1411, Time: 00:02:15

Health: -2/19      AC:  7    Str: 11    XL:     3   Next: 18%
Magic:  1/6        EV: 11    Int: 17    God:
Gold:   43         SH:  0    Dex: 10    Spells: 3/6 levels left

rFire   . . .        g - +0 short sword
rCold   . . .        (no shield)
rNeg    + . .        a - +0 robe
rPois   ∞            f - +1 helmet
rElec   +            (no cloak)
rCorr   .            (no gloves)
SInv    .            (no boots)
Will    .....        (no amulet)
Stlth   ++           (no ring)
HPRegen 0.23/turn    (no ring)
MPRegen 0.10/turn

%: no passive effects
@: no status effects
A: sickness immunity, AC +3, negative energy resistance 1, electricity
resistance, torment resistance 1, petrification resistance
a: no special abilities


You were on level 2 of the Dungeon.
You visited 1 branch of the dungeon, and saw 2 of its levels.

You collected 43 gold pieces.

Inventory:

Hand Weapons
 g - a +0 short sword (weapon)
Missiles
 i - 11 stones
 j - 5 curare-tipped darts
 k - 3 poisoned darts
Armour
 a - a +0 robe (worn)
 f - a +1 helmet (worn)
Scrolls
 h - 3 scrolls of identify {unknown}
 l - a scroll of blinking {unknown}
 m - a scroll of immolation {unknown}
 n - a scroll of enchant weapon {unknown}
Potions
 b - a potion of magic
 c - 2 potions of flight {unknown}
 d - a potion of cancellation {unknown}
 e - a potion of might {unknown}


   Skills:
 - Level 1.5 Dodging
 - Level 2.1 Stealth
 + Level 2.4 Spellcasting
 + Level 1.4 Transmutations
 + Level 4.2 Earth Magic


You had 3 spell levels left.
You knew the following spells:

 Your Spells              Type           Power      Damage    Failure   Level
a - Sandblast             Erth           32%        2d9       3%          1
b - Passwall              Tmut/Erth      9%         N/A       9%          2

Your spell library contained the following spells:

 Spells                   Type           Power      Damage    Failure   Level
 Stone Arrow              Conj/Erth      18%        3d8       24%         3
 Petrify                  Tmut/Erth      11%        N/A       50%         4
 Borgnjor's Revivificati  Necr           1%         N/A       100%        8
 Necromutation            Tmut/Necr      2%         N/A       100%        8
 Death's Door             Necr           1%         N/A       100%        9


Dungeon Overview and Level Annotations

Branches:
Dungeon (2/15)

Altars:

Annotations:
D:2 Terence


Innate Abilities, Weirdness & Mutations

You are immune to sickness and miasma.
Your stone body is resilient. (AC +3)
You are immune to poison.
You resist negative energy. (rN+)
You are resistant to electric shocks. (rElec)
You are resistant to unholy torment.
You are immune to petrification.


Message History

You kill the endoplasm!
You can't see any susceptible monsters within range! (Use Z to cast anyway.)
Your magical contamination has completely faded away.
Terence the Incautious comes into view.
He is wielding a +0 falchion.
Found 7 gold pieces.
Terence shouts!
The blast of sand hits Terence but does no damage.
Terence barely misses you.
Okay, then.
Casting: Sandblast (safe; 3% risk of failure)
Confirm with . or Enter, or press ? or * to list all spells.
Okay, then.
The blast of sand hits Terence but does no damage.
Terence looks scornfully at you. Terence hits you but does no damage.
The blast of sand hits Terence.
Terence is moderately wounded.
Terence hits you with a +0 falchion. Terence hits you with a +0 falchion!
You are too injured to fight recklessly!
You are too injured to fight recklessly!
You are too injured to fight recklessly!
You are too injured to fight recklessly!
You are too injured to fight recklessly!
Casting: Sandblast (safe; 3% risk of failure)
Confirm with . or Enter, or press ? or * to list all spells.
Aiming: Sandblast (safe; 3% risk of failure)
Press: ? - help, Shift-Dir - straight line, f/p - Terence
Aim: Terence, wielding a +0 falchion and wearing a +0 ring mail (moderately wounded, 84% to hit)
The blast of sand hits Terence!
Terence is heavily wounded.
Terence drinks a potion.
Terence is healed!
Casting: Sandblast (safe; 3% risk of failure)
Confirm with . or Enter, or press ? or * to list all spells.
Aiming: Sandblast (safe; 3% risk of failure)
Press: ? - help, Shift-Dir - straight line, f/p - Terence
Aim: Terence, wielding a +0 falchion and wearing a +0 ring mail (lightly wounded, 84% to hit)
The blast of sand hits Terence but does no damage.
Terence is lightly wounded.
Terence hits you with a +0 falchion. Terence hits you with a +0 falchion!
You die...

.. .# .# .#
$# .#
######@#
#....@.#
#.###..#
#.#<#..#
#.#.#..#
#...#..####
###.......#
#.#..####
#.##)#
#####.##.#
#############


You could see Terence.

Vanquished Creatures
  A dart slug (D:1)
  An endoplasm (D:2)
  3 goblins
  4 hobgoblins
  A quokka (D:2)
  5 ball pythons
  6 bats
  A frilled lizard (D:2)
  3 kobolds
  4 rats (D:1)
29 creatures vanquished.

Notes
Turn   | Place    | Note
-------+----------+-------------------------------------------
     0 | D:1      | snakesoul the Gargoyle Earth Elementalist began the quest
                  | for the Orb.
     0 | D:1      | Reached XP level 1. HP: 10/10 MP: 3/3
   223 | D:1      | Reached skill level 1 in Transmutations
   292 | D:1      | Reached XP level 2. HP: 15/15 MP: 3/5
   472 | D:1      | Found a faded altar of an unknown god.
   509 | D:1      | Reached skill level 4 in Earth Magic
   573 | D:1      | Learned a level 2 spell: Passwall
  1176 | D:2      | Reached XP level 3. HP: 19/19 MP: 1/6
  1406 | D:2      | Noticed Terence
  1411 | D:2      | Slain by Terence

Illustrated notes

Levels and vault maps discovered:
D:1:      dpeg_arrival_yet_another_circle, layout_basic,
          ebering_ecumenical_altar_mist
D:2:      layout_basic, serial_shops, shop, minmay_hexomino_u4, uniq_terence

Skill      XL: |  1  2 |
---------------+-------+-----
Transmutations | 1 |  1.4
Earth Magic    | 4 |  4.2
Dodging        | |  1.5
Stealth        | |  2.1
Spellcasting   | |  2.4

Action                     || total
---------------------------++-------
  Melee: Short sword       ||     2
   Cast: Sandblast         ||    41
 Armour: Robe              ||     7
  Dodge: Dodged            ||     8
